 Dungeon Crawl Stone Soup version 0.32-a0-918-g0f22ef8d61 (webtiles) character file.

Game seed: 17849492361041820985

100 Alarak the Trooper (level 4, -3/38 HPs)
             Began as a Coglin Hunter on Apr 10, 2024.
             Slain by an orc
             ... wielding a +0 hand axe
              (4 damage)
             ... on level 2 of the Dungeon.
             The game lasted 00:03:57 (1671 turns).

Alarak the Trooper (Coglin Hunter)                  Turns: 1671, Time: 00:03:58

Health: -3/38      AC:  4    Str: 12    XL:     4   Next: 73%
Magic:  4/4        EV: 11    Int:  8    God:
Gold:   134        SH:  0    Dex: 19    Spells: 3/3 levels left

rFire   . . .        a - +2 sling {Zhen}
rCold   . . .        d - +0 sling {Xiuhtonal}
rNeg    . . .        c - +1 leather armour
rPois   .            (no helmet)
rElec   .            (no cloak)
rCorr   .            (no gloves)
SInv    .            (no boots)
Will    .....        (amulet unavailable)
Stlth   ++           (ring unavailable)
HPRegen 0.26/turn    (ring unavailable)
MPRegen 0.09/turn    (no gizmo)

%: no passive effects
@: about to teleport, weak-willed, revving
A: off-hand wielding, slow wielding, warmup strikes, no jewellery
a: Invent Gizmo


You were on level 2 of the Dungeon.
You visited 1 branch of the dungeon, and saw 3 of its levels.

You collected 134 gold pieces.

Inventory:

Hand Weapons
 a - a +2 sling (weapon) {Zhen}
 d - a +0 sling (offhand) {Xiuhtonal}
Armour
 c - a +1 leather armour (worn)
Scrolls
 b - a scroll of butterflies
 f - 2 scrolls of enchant weapon {unknown}
 g - a scroll of revelation
 h - 2 scrolls of identify
 i - a scroll of fog
 n - a scroll of fear
Potions
 j - 2 potions of heal wounds
 k - a potion of resistance {unknown}


   Skills:
 + Level 4.8 Fighting
 - Level 3.6 Ranged Weapons
 - Level 1.7 Dodging
 - Level 0.7 Stealth


You had 3 spell levels left.
You didn't know any spells.
Your spell library contained the following spells:

 Spells                   Type           Power      Damage    Failure   Level
 Static Discharge         Conj/Air       0%         3-3/arc   63%         2
 Airstrike                Air            0%         2d(0-16)  99%         4
 Summon Lightning Spire   Summ/Air       0%         N/A       99%         4


Dungeon Overview and Level Annotations

Branches:
Dungeon (3/15)

Altars:
Kikubaaqudgha

Shops:
D:2 !


Innate Abilities, Weirdness & Mutations

You can wield a second weapon in your off-hand.
It takes a long time for you to wield or remove held weapons.
Your first few attacks do less damage.
You cannot equip rings or amulets.


Message History

A quokka comes into view.
The rat bites you but does no damage. The orc barely misses you.
The orc completely misses you. The orc closely misses you.
The rat barely misses you. The orc closely misses you. x2
You shoot a sling bullet.
The sling bullet closely misses the orc.
You shoot a sling bullet.
The sling bullet closely misses the orc.
The orc hits you from afar with a +0 trident.
The orc hits you but does no damage. The orc hits you with a +0 hand axe.
The kobold hits you with a +0 whip. The rat barely misses you.
The orc barely misses you. x2; The orc hits you but does no damage.
The rat bites you. The kobold hits you but does no damage.
You climb upwards.
There is a stone staircase leading down here.
You shoot a sling bullet.
The sling bullet hits the orc but does no damage.
The orc is lightly wounded.
You shoot a sling bullet.
The sling bullet closely misses the orc.
The rat barely misses you. The kobold barely misses you.
The orc hits you with a +0 hand axe. x2
The air fills with toxic fumes!
As you read the scroll labelled VOIVVU IBBEMA, it crumbles to dust.
It was a scroll of poison.
The rat bites you. The kobold closely misses you. The orc misses you.
The orc hits you with a +0 hand axe.
Unknown command.
As you read the scroll labelled TOUFA ZIYDIEV, it crumbles to dust.
A wave of despondency washes over your surroundings.
It was a scroll of vulnerability.
The rat bites you but does no damage. The kobold hits you with a +0 whip.
* * * LOW HITPOINT WARNING * * *
The orc closely misses you. The orc hits you with a +0 hand axe.
* * * LOW HITPOINT WARNING * * *
As you read the scroll labelled FYTZYR OMOPUPH, it crumbles to dust.
You feel strangely unstable.
It was a scroll of teleportation.
The rat misses you. The kobold hits you with a +0 whip.
* * * LOW HITPOINT WARNING * * *
The orc closely misses you. The orc hits you with a +0 hand axe.
You die...

#..#####.#.......##.###......###.
##..###...###.##§##'#......###...
#..#∩'...# #.##§##......###....#
#..###...# #.§§§§.....###†..##.#
#.###....# ###§§##(.###...#..#..
#.......§### #§§################
#####...§§§###§§#.§§............
#...§§§§§§§§#§##############
###.§§§§§§K@o§# #.§§§§§§§ro##
#.§§§§§§§§§# #.§§§§§§§§§#
#.§§§§§§§§§###############
#######§§§§§..............
####################


You could see 2 orcs, a kobold (weak-willed) and a rat (weak-willed).

Vanquished Creatures
  A gnoll (D:2)
  3 adders (D:2)
  2 dart slugs (D:1)
  2 ribbon worms (D:2)
  2 ball pythons
  5 endoplasms
  3 giant cockroaches
  5 goblins
  5 hobgoblins
  4 jackals (D:2)
  6 bats
  4 frilled lizards
  6 kobolds
  6 rats (D:2)
54 creatures vanquished.

Notes
Turn   | Place    | Note
-------+----------+-------------------------------------------
     0 | D:1      | Alarak the Coglin Hunter began the quest for the Orb.
     0 | D:1      | Reached XP level 1. HP: 16/16 MP: 1/1
   121 | D:1      | Reached XP level 2. HP: 23/23 MP: 2/2
   156 | D:1      | Found a faded altar of an unknown god.
   207 | D:1      | Reached skill level 3 in Fighting
   556 | D:1      | Reached XP level 3. HP: 29/29 MP: 3/3
   875 | D:2      | Found Huitet's Distillery.
   999 | D:2      | Reached skill level 4 in Fighting
  1013 | D:2      | Reached XP level 4. HP: 30/37 MP: 4/4
  1401 | D:2      | Found an ancient bone altar of Kikubaaqudgha.
  1671 | D:2      | HP: 1/38 [kobold/+0 whip (4)]
  1671 | D:2      | Slain by an orc

Illustrated notes

Levels and vault maps discovered:
D:1:      zaba_arrival_water, layout_basic, ebering_ecumenical_altar_petrified,
          chequers_garden, minmay_misc_feat_encased
D:2:      minmay_razor_zed, layout_basic, serial_shops,
          nicolae_shop_window_shopping, basic_altar, kennysheep_generic_room_8
D:3:      layout_basic, good_gods_mini_temple, chequers_serial_rivers_micro_b

Skill      XL: |  1  2  3 |
---------------+----------+-----
Fighting       | 3 4 |  4.8
Ranged Weapons | |  3.6
Dodging        | |  1.7
Stealth        | |  0.7

Action                     |  1- 3 |  4- 6 || total
---------------------------+-------+-------++-------
   Fire: Sling             |   128 |    92 ||   220
    Use: Scroll            |     5 |     3 ||     8
 Armour: Leather armour    |     6 |    28 ||    34
  Dodge: Dodged            |    11 |    26 ||    37

Table legend: (Time is in decaauts)
 A = Elapsed time spent in this place.
 B = Non-inter-level travel time spent in this place.
 C = Inter-level travel time spent in this place.
 D = Time resting spent in this place.
 E = Time spent auto-exploring this place.
 F = Levels seen in this place.
 G = Mean time per level.
                   A        B        C        D        E       F      G
               +--------+--------+--------+--------+--------+-----+--------+
         Total |   1706 |   1621 |     85 |     28 |   1360 |   3 |  568.7 |
       Dungeon |   1706 |   1621 |     85 |     28 |   1360 |   3 |  568.7 |
               +--------+--------+--------+--------+--------+-----+--------+

Top non-repeatable levels by time:
     D:2: 903 daAuts
     D:1: 793 daAuts
     D:3: 9 daAuts
